 Dungeon Crawl Stone Soup version 0.24.0-13-gcf9b3192b9 (webtiles) character file.

Game seed: 849095255780109613, levelgen mode: deterministic

217 ANON1729 the Ducker (level 5, -8/41 HPs)
             Began as a Demonspawn Gladiator on Nov 9, 2019.
             Killed from afar by Sigmund (9 damage)
             ... with a magic dart
             ... on level 4 of the Dungeon.
             The game lasted 00:03:34 (3879 turns).

ANON1729 the Ducker (Demonspawn Gladiator)          Turns: 3879, Time: 00:03:34

Health: -8/41      AC:  9    Str: 19    XL:     5   Next: 62%
Magic:  5/5        EV: 13    Int: 15    God:
Gold:   163        SH:  0    Dex: 15    Spells: 4/4 levels left

rFire    . . .     SeeInvis .   a - +0 quarterstaff
rCold    . . .     Gourm    .   (shield currently unavailable)
rNeg     . . .     Faith    .   b - +0 leather armour
rPois    .         Spirit   .   c - +0 helmet
rElec    .         Reflect  .   o - +1 cloak
rCorr    .         Harm     .   (no gloves)
MR       .....                  (no boots)
Stlth    +.........             (no amulet)
HPRegen  0.13/turn              (no ring)
MPRegen  0.09/turn              (no ring)

@: mighty, brilliant
A: icy blue scales 2
a: no special abilities


You were on level 4 of the Dungeon.
You were hungry.

You visited 1 branch of the dungeon, and saw 4 of its levels.

You collected 163 gold pieces.

Inventory:

Hand Weapons
 a - a +0 quarterstaff (weapon)
Missiles
 d - 3 throwing nets (quivered)
Armour
 b - a +0 leather armour (worn)
 c - a +0 helmet (worn)
 o - a +1 cloak (worn)
Scrolls
 g - 2 scrolls of enchant armour {unknown}
 h - 3 scrolls of identify {unknown}
 k - 3 scrolls of amnesia {unknown}
 l - 2 scrolls of magic mapping {unknown}
 n - a scroll of teleportation {unknown}
Potions
 m - a potion of flight {unknown}
Comestibles
 f - 7 rations


   Skills:
 + Level 3.3 Fighting
 + Level 3.7 Staves
 + Level 3.0 Throwing
 + Level 3.7 Dodging


You had 4 spell levels left.
You didn't know any spells.
Your spell library was empty.

Dungeon Overview and Level Annotations

Branches:
Dungeon (4/15)
 Temple: D:4-7

Altars:
Okawaru
Ru
Wu Jian

Annotations:
D:4 Sigmund


Innate Abilities, Weirdness & Mutations

You are mostly covered in icy blue scales. (AC +3)


Message History

The magic dart hits you but does no damage.
You bump into the rock wall.
The gnoll hits you but does no damage. Something hits you!
The gnoll throws a poisoned dart.
The poisoned dart closely misses you.
It was a potion of might.
You feel very mighty all of a sudden.
You feel less confused. Something hits you!
* * * LOW HITPOINT WARNING * * *
The gnoll hits you but does no damage. Something hits you!
* * * LOW HITPOINT WARNING * * *
Things that are here:
a +0 halberd; a gnoll corpse You hit something.
The gnoll barely misses you.
You closely miss something. The gnoll hits you but does no damage.
Something hits you but does no damage. The gnoll barely misses you.
You bludgeon something!!
You hear some strange, mumbled words.
A magic dart appears from out of thin air!
The magic dart hits you!
You die...

#.###############
#.(....@{gg.....#
###############(#
########g..#
#......g{###
#.......g#
#........#
########.# # #.#
# #.# #


You could see 2 gnolls.

Vanquished Creatures
  An orc priest (D:3)
  A hound skeleton (D:4)
  Robin (D:4)
  4 gnolls (D:4)
  3 adders
  An adder skeleton (D:4)
  3 worms
  A leopard gecko (D:1)
  5 orcs
  3 ball pythons
  3 giant cockroaches
  7 goblins
  11 hobgoblins
  11 jackals
  3 quokkas
  7 bats
  6 frilled lizards
  6 kobolds
  2 rats (D:3)
79 creatures vanquished.

Notes
Turn   | Place    | Note
-------+----------+-------------------------------------------
     0 | D:1      | ANON1729 the Demonspawn Gladiator began the quest for the
                  | Orb.
     0 | D:1      | Reached XP level 1. HP: 16/16 MP: 1/1
   247 | D:1      | Gained mutation: You are partially covered in icy blue
                  | scales. (AC +2) [demonic ancestry]
   247 | D:1      | Reached XP level 2. HP: 6/22 MP: 2/2
  1235 | D:2      | Gained mutation: You are mostly covered in icy blue scales.
                  | (AC +3) [demonic ancestry]
  1235 | D:2      | Reached XP level 3. HP: 15/28 MP: 3/3
  1948 | D:3      | Found an iron altar of Okawaru.
  2271 | D:3      | Found a sacrificial altar of Ru.
  2287 | D:3      | Reached XP level 4. HP: 20/34 MP: 4/4
  3081 | D:3      | Found an ornate altar of the Wu Jian Council.
  3234 | D:3      | Reached XP level 5. HP: 37/41 MP: 5/5
  3653 | D:4      | Noticed Robin
  3663 | D:4      | Killed Robin
  3835 | D:4      | Noticed Sigmund
  3876 | D:4      | HP: 1/41 [something (10)]
  3879 | D:4      | Killed from afar by Sigmund

Levels and vault maps discovered:
D:1:      lightli_arrival_chessboard, layout_loops_corners, serial_bayou_pond_a
D:2:      layout_basic
D:3:      layout_basic, overflow_temple_1_default, okawaru_gym_becter,
          serial_corexii_hall, corexii_hall_statues_deadend,
          corexii_hall_statues_i, corexii_hall_statues_x,
          corexii_hall_statues_s, lemuel_statue_altar
D:4:      layout_basic, first_ration, grunt_decor_clamped, uniq_sigmund,
          uniq_robin, uniq_ijyb

Skill      XL: |  1  2  3  4  5 |
---------------+----------------+-----
Throwing       | 2 3 |  3.0
Dodging        | 3 |  3.7
Staves         | 3 |  3.7
Fighting       | 3 |  3.3

Action                   |  1- 3 |  4- 6 || total
-------------------------+-------+-------++-------
Melee: Quarterstaff      |   130 |   141 ||   271
  Use: Potion            |       |     4 ||     4
 Stab: Sleeping          |     4 |     1 ||     5
  Eat: Chunk             |     4 |     5 ||     9
Armor: Leather armour    |    43 |    76 ||   119
Dodge: Dodged            |    94 |   156 ||   250
